 Dungeon Crawl Stone Soup version 0.26-a0-651-gb41185065b (webtiles) character file.

Game seed: 14942793724439974599

173 Ozzies the Sneak (level 5, 0/25 HPs)
             Began as a Spriggan Enchanter on Oct 7, 2020.
             Slain by Grinder (6 damage)
             ... on level 3 of the Dungeon.
             The game lasted 00:06:05 (3566 turns).

Ozzies the Sneak (Spriggan Enchanter)               Turns: 3566, Time: 00:06:06

Health: 0/25       AC:  2    Str:  5    XL:     5   Next: 28%
Magic:  0/10       EV: 18    Int: 16    God:
Gold:   133        SH:  0    Dex: 17    Spells: 7/10 levels left

rFire    . . .     SeeInvis +   f - +0 short sword (speed)
rCold    . . .     Faith    .   (shield restricted)
rNeg     . . .     Spirit   .   b - +0 robe
rPois    .         Reflect  .   (helmet restricted)
rElec    .         Harm     .   (no cloak)
rCorr    .         Rampage  .   (gloves unavailable)
MR       .....                  (boots unavailable)
Stlth    ++++......             (no amulet)
HPRegen  0.08/turn              (no ring)
MPRegen  0.12/turn              (no ring)

@: very slightly contaminated, very quick
A: very small, unfitting armour, see invisible, speed 3
a: no special abilities


You were on level 3 of the Dungeon.
You visited 1 branch of the dungeon, and saw 3 of its levels.

You collected 133 gold pieces.

Inventory:

Hand Weapons
 a - a +1 dagger
 f - a +0 short sword of speed (weapon)
Missiles
 c - 77 stones (quivered)
 o - 18 sling bullets
Armour
 b - a +0 robe (worn)
Jewellery
 i - an uncursed ring of magical power {unknown}
Scrolls
 d - a scroll of random uselessness {unknown}
 g - a scroll of fog {unknown}
 k - a scroll of remove curse {unknown}
 l - a scroll of magic mapping {unknown}
 p - a scroll of enchant weapon {unknown}
 q - a scroll of amnesia {unknown}
Potions
 e - a potion of haste {unknown}
 h - a potion of resistance {unknown}
 j - a potion of curing {unknown}
 m - 2 potions of brilliance {unknown}
 n - a potion of stabbing {unknown}


   Skills:
 - Level 1.0 Fighting
 + Level 2.7 Short Blades
 - Level 3.0 Dodging
 + Level 7.1 Stealth
 - Level 3.0 Spellcasting
 + Level 4.5 Hexes


You had 7 spell levels left.
You knew the following spells:

 Your Spells              Type           Power        Failure   Level
a - Corona                Hex            ###....      3%          1
b - Ensorcelled Hibernat  Hex/Ice        #.....       11%         2

Your spell library contained the following spells:

 Spells                   Type           Power        Failure   Level
 Confusing Touch          Hex            ###.....     9%          3
 Tukima's Dance           Hex            ###.....     9%          3
 Dazzling Flash           Conj/Hex       #.....       22%         3


Dungeon Overview and Level Annotations

Branches:
Dungeon (3/15)

Altars:
Cheibriados
Gozag

Annotations:
D:3 1 runed translucent door, Grinder; harkrass's ghost, amateur MiFi


Innate Abilities, Weirdness & Mutations

You are very small and have problems with some larger weapons.
You are too small for most types of armour.
You have supernaturally acute eyesight. (SInv)
You cover ground extremely quickly.


Message History

Aiming: Ensorcelled Hibernation (safe; 11% risk of failure)
Press: ? - help, Shift-Dir - straight line, f - worm
Aim: a worm (moderately wounded, chance to defeat MR: 50%)
The worm resists with some effort.
Casting: Ensorcelled Hibernation (safe; 11% risk of failure)
Confirm with . or Enter, or press ? or * to list all spells.
Aiming: Ensorcelled Hibernation (safe; 11% risk of failure)
Press: ? - help, Shift-Dir - straight line, f/p - worm
Aim: a worm (moderately wounded, chance to defeat MR: 50%)
The worm looks drowsy...
Casting: Ensorcelled Hibernation (safe; 11% risk of failure)
Confirm with . or Enter, or press ? or * to list all spells.
You can't see any susceptible monsters within range! (Use Z to cast anyway.)
The helpless worm fails to defend itself.
You impale the worm!!
You kill the worm!
No target in view!
HP restored.
You see here a worm corpse.
A rat comes into view.
A rat is nearby!
A rat is nearby!
A rat is nearby!
A rat is nearby!
The helpless rat fails to defend itself.
You impale the rat!!
You kill the rat!
Press: ? - help, v - describe, . - travel
Here: harkrass's ghost (fire blocked by a translucent stone wall)
A fountain of clear blue water.
You see here a rat corpse.
Found an escape hatch in the ceiling.
Grinder comes into view.
Found a runed translucent door.
A hobgoblin comes into view. It is wielding a +0 club.
The hobgoblin shouts!
A frilled lizard comes into view.
Casting: Ensorcelled Hibernation (safe; 11% risk of failure)
Confirm with . or Enter, or press ? or * to list all spells.
Aiming: Corona (safe; 3% risk of failure)
Press: ? - help, Shift-Dir - straight line, f - Grinder
Aim: Grinder (wandering, hasn't noticed you, chance to defeat MR: 53%) Grinder shouts!
Grinder struggles to resist.
You hear a shout!
Casting: Corona (safe; 3% risk of failure)
Confirm with . or Enter, or press ? or * to list all spells.
Aiming: Corona (safe; 3% risk of failure)
Press: ? - help, Shift-Dir - straight line, f/p - Grinder
Aim: Grinder (chance to defeat MR: 53%) Grinder struggles to resist.
Grinder gestures at you. You resist with some effort.
Casting: Corona (safe; 3% risk of failure)
Confirm with . or Enter, or press ? or * to list all spells.
Aiming: Corona (safe; 3% risk of failure)
Press: ? - help, Shift-Dir - straight line, f/p - Grinder
Aim: Grinder (chance to defeat MR: 53%) Grinder struggles to resist.
Casting: Corona (safe; 3% risk of failure)
Confirm with . or Enter, or press ? or * to list all spells.
Aiming: Corona (safe; 3% risk of failure)
Press: ? - help, Shift-Dir - straight line, f/p - Grinder
Aim: Grinder (chance to defeat MR: 53%) Grinder is outlined in light.
Casting: Corona (safe; 3% risk of failure)
Confirm with . or Enter, or press ? or * to list all spells.
Aiming: Ensorcelled Hibernation (safe; 11% risk of failure)
Press: ? - help, Shift-Dir - straight line, f - hobgoblin, p - Grinder
Aim: a hobgoblin, wielding a +0 club (chance to defeat MR: 58%)
The hobgoblin looks drowsy...
Grinder gestures at you. You resist with some effort.
A goblin comes into view.
Casting: Ensorcelled Hibernation (safe; 11% risk of failure)
Confirm with . or Enter, or press ? or * to list all spells.
You can't see any susceptible monsters within range! (Use Z to cast anyway.) Unknown command.
The helpless hobgoblin fails to defend itself.
You impale the hobgoblin!!
You kill the hobgoblin!
Grinder closely misses you.
Casting: Ensorcelled Hibernation (safe; 11% risk of failure)
Confirm with . or Enter, or press ? or * to list all spells.
Press: ? - help, Shift-Dir - straight line, f - Grinder
Aim: Grinder (softly glowing, not susceptible) Grinder is unaffected.
The frilled lizard bites you. Grinder gestures at you.
Pain shoots through your body!
Ouch! That really hurt!
Casting: Ensorcelled Hibernation (safe; 11% risk of failure)
Confirm with . or Enter, or press ? or * to list all spells.
Press: ? - help, Shift-Dir - straight line, f/p - Grinder
Aim: Grinder (softly glowing, not susceptible)
You miscast Ensorcelled Hibernation.
You are very lightly contaminated with residual magic.
Nothing appears to happen.
The frilled lizard misses you. Grinder hits you.
* * * LOW HITPOINT WARNING * * *
You writhe in agony.
You die...

†.#.### ≈≈#... .....
≈≈#..# ..... ≈≈#.>#
...... ≈.#..# ......
..#.#####.# ###g.....
..†<......# #........
....####### ##.l......
.....# #####.@5......
##...######.....#.......
#.......†..............
##...#####..............
.....# #.#............
##...# #...###...?....
##. ##..##W##..<....
.#.######..##...##......
.......†..##.$!..##...


You could see Grinder (corona), harkrass's ghost, a goblin and a frilled lizard.

Vanquished Creatures
  2 orc priests (D:2)
  4 adders
  An ooze (D:2)
  2 worms
  4 dart slugs
  A leopard gecko (D:2)
  3 orcs (D:2)
  3 bats
  5 giant cockroaches
  8 goblins
  7 hobgoblins
  8 jackals
  4 frilled lizards
  A kobold (D:1)
  6 rats
59 creatures vanquished.

Notes
Turn   | Place    | Note
-------+----------+-------------------------------------------
     0 | D:1      | Ozzies the Spriggan Enchanter began the quest for the Orb.
     0 | D:1      | Reached XP level 1. HP: 9/9 MP: 5/5
   207 | D:1      | Reached skill level 5 in Stealth
   327 | D:1      | Reached XP level 2. HP: 13/13 MP: 4/6
  1071 | D:1      | Reached skill level 6 in Stealth
  1264 | D:1      | Learned a level 2 spell: Ensorcelled Hibernation
  1611 | D:2      | Reached XP level 3. HP: 16/16 MP: 8/8
  2076 | D:2      | Reached skill level 1 in Fighting
  2076 | D:2      | Reached XP level 4. HP: 22/22 MP: 4/9
  2307 | D:2      | Found an opulent altar of Gozag.
  2463 | D:2      | Reached XP level 5. HP: 17/25 MP: 6/10
  3310 | D:3      | Reached skill level 7 in Stealth
  3311 | D:3      | Found a snail-covered altar of Cheibriados.
  3544 | D:3      | Noticed harkrass's ghost (amateur MiFi)
  3555 | D:3      | Found a runed translucent door.
  3555 | D:3      | Noticed Grinder
  3566 | D:3      | Slain by Grinder

Illustrated notes

Levels and vault maps discovered:
D:1:      dpeg_arrival_tiny_j, layout_basic
D:2:      cheibrodos_pilgrimage, layout_basic, lemuel_round_altar,
          minmay_stone_trees_large, minmay_pentomino_q4
D:3:      layout_rooms, kennysheep_slug_shrine, hellmonk_ghost_happy_afterlife,
          kennysheep_pointless_box, minmay_cupped, uniq_grinder

Skill      XL: |  1  2  3  4  5 |
---------------+----------------+-----
Stealth        | 5 6 7 |  7.1
Spellcasting   | 3 |  3.0
Fighting       | 1 |  1.0
Short Blades   | 2 |  2.7
Hexes          | 4 |  4.5
Dodging        | |  3.0

Action                   |  1- 3 |  4- 6 || total
-------------------------+-------+-------++-------
Melee: Dagger            |    32 |    10 ||    42
       Short sword       |    58 |    78 ||   136
 Cast: Corona            |     2 |     5 ||     7
       Ensorcelled Hiber |    12 |    18 ||    30
 Stab: Sleeping          |    16 |    20 ||    36
Armor: Robe              |     7 |     6 ||    13
Dodge: Dodged            |    53 |    39 ||    92

Table legend: (Time is in decaauts)
 A = Elapsed time spent in this place.
 B = Non-inter-level travel time spent in this place.
 C = Inter-level travel time spent in this place.
 D = Time resting spent in this place.
 E = Time spent auto-exploring this place.
 F = Levels seen in this place.
 G = Mean time per level.
                   A        B        C        D        E       F      G
               +--------+--------+--------+--------+--------+-----+--------+
         Total |   2779 |   2755 |     24 |    657 |   1729 |   3 |  926.3 |
       Dungeon |   2779 |   2755 |     24 |    657 |   1729 |   3 |  926.3 |
               +--------+--------+--------+--------+--------+-----+--------+

Top non-repeatable levels by time:
     D:2: 1473 daAuts
     D:1: 1085 daAuts
     D:3: 220 daAuts
